 Dungeon Crawl Stone Soup version 0.27-a0-287-gd4424db430 (webtiles) character file.

Game seed: 16548938958416878974

97087 Anon1729 the Bewitcher (level 15, -2/70 HPs)
             Began as a Felid Conjurer on Feb 8, 2021.
             Was the Champion of Vehumet.
             Killed from afar by a deep elf high priest (26 damage)
             ... with damnation
             ... on level 3 of the Elven Halls.
             The game lasted 02:51:06 (56521 turns).

Anon1729 the Bewitcher (Felid Conjurer)            Turns: 56521, Time: 02:51:06

Health: -2/70      AC:  3    Str:  6    XL:     15   Next: 71%
Magic:  24/39      EV: 34    Int: 26    God:    Vehumet [******]
Gold:   2469       SH:  0    Dex: 21    Spells: 0/34 levels left
                                        Lives:  0   Deaths: 4

rFire    + + .     SeeInvis +     - Unarmed
rCold    + . .     Faith    .   (shield unavailable)
rNeg     + . .     Spirit   .   (armour unavailable)
rPois    .         Reflect  .   (helmet unavailable)
rElec    .         Harm     .   (cloak unavailable)
rCorr    .         Rampage  .   (gloves unavailable)
Will     +++++     Clarity  +   (boots unavailable)
Stlth    ++++++....             D - amulet of the Four Winds {rN+ Will+++ Clar}
HPRegen  0.21/turn              I - ring "Weliogap" {MP+9 Str+2 Dex+5}
MPRegen  0.26/turn              M - ring of Ixtevvyb {Wiz rF++ Int+2}

@: quick
A: very small, no armour, no weapons or thrown items, stealth, claws 1, fangs 3,
see invisible, speed 1, mutation resistance 1, screaming 1, shaggy fur 3, sharp
paws
a: Renounce Religion


You were on level 3 of the Elven Halls.
You worshipped Vehumet.
Vehumet was exalted by your worship.
You visited 5 branches of the dungeon, and saw 27 of its levels.
You also visited: Gauntlet, Ice Cave and Volcano.

You collected 3926 gold pieces.
You spent 1457 gold pieces at shops.

Inventory:

Jewellery
 g - the ring of the Equinox {MP+9 Dex+7}
   (You took it off a deep elf sorcerer on level 3 of the Elven Halls)

   [ring of magical power]

   It affects your dexterity (+7).
   It affects your magic capacity (+9).
 n - an uncursed ring of resist corrosion
 x - an uncursed ring of protection from cold
 A - an uncursed ring of flight
 C - an uncursed ring of poison resistance
 D - the amulet of the Four Winds (around neck) {rN+ Will+++ Clar}
   (You found it on level 10 of the Dungeon)

   [amulet of nothing]

   It protects you from negative energy.
   It affects your willpower, your defense against some magical effects.
   It protects you against confusion.
 I - the ring "Weliogap" (left paw) {MP+9 Str+2 Dex+5}
   (You found it in a Gauntlet)

   [ring of magical power]

   It affects your strength (+2).
   It affects your dexterity (+5).
   It affects your magic capacity (+9).
 M - the ring of Ixtevvyb (right paw) {Wiz rF++ Int+2}
   (You bought it in a shop on level 2 of the Orcish Mines)

   [ring of wizardry]

   It improves your spell success rate.
   It affects your intelligence (+2).
   It greatly protects you from fire.
 Q - an uncursed amulet of guardian spirit
Wands
 p - a wand of charming (9)
 q - a wand of polymorph (11)
 t - a wand of random effects (44)
 v - a wand of digging (9)
 z - a wand of acid (27)
 F - a wand of flame (84)
 H - a wand of paralysis (30)
 K - a wand of iceblast (24)
Scrolls
 a - 13 scrolls of remove curse
 b - 15 scrolls of teleportation
 e - 6 scrolls of fear
 j - 8 scrolls of blinking
 s - a scroll of silence
 u - 2 scrolls of amnesia
 y - 7 scrolls of fog
 G - 3 scrolls of identify
 L - a scroll of torment
 P - a scroll of summoning
 T - 2 scrolls of immolation
Potions
 c - 15 potions of curing
 d - 4 potions of heal wounds
 f - 6 potions of might
 i - 2 potions of cancellation
 k - 3 potions of brilliance
 l - 6 potions of resistance
 m - 7 potions of berserk rage
 o - 5 potions of lignification
 r - 2 potions of mutation
 w - 11 potions of ambrosia
 E - a potion of haste
 N - 3 potions of magic
 O - a potion of invisibility
 R - 4 potions of flight
Miscellaneous
 B - a box of beasts


   Skills:
 + Level 10.7 Fighting
 + Level 14.7 Dodging
 + Level 12.1 Stealth
 - Level 1.0 Unarmed Combat
 - Level 10.0 Spellcasting
 * Level 15.0 Conjurations
 - Level 20.1 Hexes
 + Level 5.8 Summonings
 + Level 9.2 Translocations
 + Level 6.6 Transmutations
 - Level 7.0 Earth Magic


You couldn't memorise any spells.
You knew the following spells:

 Your Spells              Type           Power        Failure   Level
a - Magic Dart            Conj           100%         0%          1
b - Searing Ray           Conj           100%         0%          2
c - Dazzling Flash        Conj/Hex       100%         0%          3
d - Fulminant Prism       Conj/Hex       40%          1%          4
e - Iskenderun's Mystic   Conj/Tloc      66%          1%          4
f - Spellforged Servitor  Conj/Summ      30%          6%          7
g - Petrify               Tmut/Erth      48%          1%          4
h - Poisonous Vapours     Pois/Air       26%          2%          2
i - Confusing Touch       Hex            87%          0%          3
j - Fireball              Conj/Fire      25%          1%          5

Your spell library contained the following spells:

 Spells                   Type           Power        Failure   Level
 Ignition                 Fire           6%           100%        8
 Absolute Zero            Ice            6%           100%        9
 Tornado                  Air            6%           100%        9
 Foxfire                  Conj/Fire      100%         1%          1
 Sting                    Tmut/Pois      100%         1%          1
 Summon Small Mammal      Summ           100%         1%          1
 Call Imp                 Summ           43%          1%          2
 Call Canine Familiar     Summ           43%          1%          3
 Conjure Flame            Conj/Fire      51%          1%          3
 Gell's Gravitas          Tloc           28%          1%          3
 Ignite Poison            Fire/Tmut/Pois 24%          1%          3
 Inner Flame              Hex/Fire       60%          1%          3
 Mephitic Cloud           Conj/Pois/Air  39%          1%          3
 Stone Arrow              Conj/Erth      100%         1%          3
 Summon Guardian Golem    Hex/Summ       69%          1%          3
 Sticky Flame             Conj/Fire      51%          1%          4
 Irradiate                Conj/Tmut      31%          1%          5
 Lee's Rapid Deconstruct  Erth           24%          1%          5
 Metabolic Englaciation   Hex/Ice        30%          1%          5
 Yara's Violent Unravell  Hex/Tmut       35%          1%          5
 Ice Form                 Ice/Tmut       30%          4%          4
 Olgreb's Toxic Radiance  Pois           13%          5%          4
 Ozocubu's Armour         Ice            13%          6%          3
 Summon Ice Beast         Ice/Summ       28%          6%          4
 Summon Lightning Spire   Summ/Air       28%          6%          4
 Freezing Cloud           Conj/Ice/Air   19%          10%         6
 Borgnjor's Vile Clutch   Necr/Erth      15%          12%         5
 Alistair's Intoxication  Tmut/Pois      20%          13%         5
 Animate Dead             Necr           6%           17%         4
 Death Channel            Necr           6%           93%         6
 Simulacrum               Ice/Necr       6%           93%         6
 Ozocubu's Refrigeration  Ice            6%           95%         7
 Portal Projectile        Hex/Tloc       Unusable     N/A         3

Dungeon Overview and Level Annotations

Branches:
Dungeon (15/15)            Temple (1/1) D:7            Lair (6/6) D:9
  Swamp (0/4) Lair:3        Snake (0/4) Lair:3        Slime (0/5) Lair:5
    Orc (2/2) D:9             Elf (3/3) Orc:2        Vaults (0/5) D:13
 Depths (0/5) D:15          IceCv (visited)         Volcano (visited)
Gauntlet (visited)

Altars:
Ashenzari
Cheibriados
Dithmenos
Elyvilon
Fedhas
Gozag
Hepliaklqana
Kikubaaqudgha
Makhleb
Nemelex Xobeh
Okawaru
Qazlal
Ru
Sif Muna
Trog
Uskayaw
Vehumet
Wu Jian
Xom
Yredelemnul
Zin
The Shining One
Beogh
Jiyva

Shops:
D:7 =   D:9 :   D:10 =   D:13 :   Orc:2 (?=*   Elf:3 [

Portals:
Hell: Lair:6

Annotations:
D:13 Nessos


Innate Abilities, Weirdness & Mutations

You cannot wear armour.
You are incapable of wielding weapons or throwing items.
Your paws allow you to move quietly. (Stealth)
You have sharp claws.
You have razor-sharp teeth.
You have supernaturally acute eyesight. (SInv)
You cover ground quickly.
Your thick and shaggy fur keeps you warm. (AC +3, rC+)
Your sharp claws are effective at attacking unaware monsters.
You are somewhat resistant to further mutation.
You occasionally shout uncontrollably at your foes.


Message History

The blast of energy engulfs the deep elf knight!!
The deep elf knight is severely wounded.
The blast of energy engulfs the deep elf high priest!
The deep elf high priest is severely wounded.
Unknown command.
Unknown command.
Unknown command.
Casting: Fulminant Prism (safe; 1% risk of failure)
Confirm with . or Enter, or press ? or * to list all spells.
Aiming: Fulminant Prism (safe; 1% risk of failure)
Press: ? - help, Dir - move target You conjure a prism of explosive energy!
A fulminant prism comes into view.
The deep elf knight casts a spell at you.
The lance of force hits you!!
You are knocked back by the lance of force.
You slam into the rock wall!
The deep elf high priest invokes the aid of its god against you.
The sphere of damnation explodes!
The damnation engulfs you!!
You die...

#...##..##.#.#.#.# #.....#...#
##.##...##.#.#.#.# #.#####...#
.###....##.#.#.#.######.#.......#
.......#...#.#.#......#.#.......#
........##.#.#.#.######.#...[...#
.).......#.#.#.#.# #.#.......#
..#....###.#.#.#.# #.#.......#
).#.....##.#.#.#### ##.##.......
..#.#.#.##.#.#..@.# ##.##.#......
...).....#.#.###<.###.##.##......
....#.#....#.#....##.##<##.......
..........)#.#.........###...∩^∩#
)..e...###[###.*e...#### #......#
...##### ##e##).....)# #...∩.∩#
...# ##.#e#####[## ##...#.. ####
##[.....#.)## ##.##.# #
########.#...#####.####


You could see a deep elf knight, a deep elf high priest and a friendly fulminant
prism.

Vanquished Creatures
  Jorgrun (Orc:1)
  A deep elf blademaster (Elf:3)
  2 deep elf master archers (Elf:3)
  A frost giant (D:15)
  2 deep elf sorcerers (Elf:3)
  Louise (D:15)
  4 deep elf elementalists (Elf:3)
  An orc warlord (Orc:2)
  A dire elephant (Lair:6)
  A deep elf demonologist (Elf:3)
  A minotaur (Gauntlet)
  2 deep elf high priests (Elf:3)
  A fire dragon (Volcano)
  14 hydras
  A rakshasa (D:15)
  3 boulder beetles
  An ogre mage (D:15)
  2 catoblepae (Lair:4)
  2 centaur warriors
  8 death yaks
  28 dancing weapons
  8 two-headed ogres
  A tengu warrior (D:14)
  4 orc high priests
  20 deep elf knights
  A sixfirhy (Lair:6)
  A fire crab (Lair:2)
  4 nameless horrors
  An unseen horror (D:12)
  3 wizards
  13 deep elf archers
  A lindwurm (shapeshifter) (Elf:2)
  2 orange crystal statues
  7 orc knights
  5 orc sorcerers (Orc:2)
  A lindwurm (Volcano)
  19 deep elf pyromancers
  A necromancer (D:14)
  A wolf spider zombie (D:14)
  7 ugly things
  A wolf spider (D:14)
  A cyclops (D:11)
  21 deep elf zephyrmancers
  2 manticores (D:14)
  A worldbinder (Gauntlet)
  7 elephants
  A smoke demon (Gauntlet)
  5 black mambas
  4 gargoyles
  An orange demon (Lair:6)
  Maggie (D:7)
  15 cane toads
  2 rime drakes (Lair:6)
  A rime drake (shapeshifter) (Elf:1)
  7 freezing wraiths
  An efreet (D:15)
  7 ice devils
  13 komodo dragons
  A yaktaur (D:15)
  A golden dragon simulacrum (IceCv)
  A meliai (shapeshifter) (Elf:1)
  A polar bear (Lair:6)
  2 trolls
  A troll (shapeshifter) (D:15)
  3 meliai
  A queen bee (D:9)
  A tengu conjurer (D:14)
  A hellwing (Lair:6)
  A wolf spider simulacrum (D:14)
  2 hornets
  16 blink frogs
  6 slime creatures
  8 dream sheep (Lair:6)
  8 air elementals
  A shadow (D:11)
  3 dire elephant simulacra (IceCv)
  79 yaks
  Sigmund (D:4)
  3 water elementals
  4 wraiths
  11 wyverns
  3 fire bats (Lair:1)
  9 basilisks
  4 fire elementals
  4 steam dragons
  4 vampire mosquitoes (D:12)
  4 harpy simulacra (IceCv)
  A death yak simulacrum (IceCv)
  8 wargs
  2 nagas (Lair:3)
  A soldier ant (shapeshifter) (Elf:1)
  3 swamp worms (Lair:3)
  An acid dragon (shapeshifter) (D:14)
  2 soldier ants (D:14)
  28 water moccasins
  An acid dragon (D:15)
  6 hell hounds
  26 orc warriors
  A hydra simulacrum (IceCv)
  2 black bears
  4 sky beasts
  An alligator simulacrum (IceCv)
  An ettin simulacrum (IceCv)
  2 ice beasts
  A necrophage (D:7)
  13 ogres
  11 wolves
  A boggart (Gauntlet)
  2 phantoms (D:7)
  9 centaurs
  20 bullfrogs
  5 kobold brigands
  4 earth elementals
  2 gnoll sergeants
  2 wyvern skeletons
  4 scorpions
  4 wights (D:14)
  31 killer bees
  A swamp dragon simulacrum (IceCv)
  7 electric eels
  6 howler monkeys
  7 hounds
  2 bullfrog zombies
  3 crimson imps (Gauntlet)
  5 centaur skeletons
  3 centaur zombies
  2 draconian simulacra (IceCv)
  25 orc priests
  3 jellies
  2 bullfrog skeletons
  Jessica (D:2)
  3 iguanas
  35 orc wizards
  Natasha (thrice) (D:4)
  18 worker ants
  4 troll simulacra (IceCv)
  A spriggan simulacrum (IceCv)
  A wolf simulacrum (IceCv)
  A centaur simulacrum (IceCv)
  A hound zombie (D:8)
  A worker ant zombie (D:2)
  Robin (D:2)
  20 gnolls
  3 ogre simulacra (IceCv)
  8 adders
  A naga simulacrum (IceCv)
  A river rat (D:6)
  A shadow imp (D:8)
  6 white imps
  5 ufetubi
  An ooze (D:1)
  An adder skeleton (D:6)
  An adder zombie (D:7)
  3 worms
  3 dart slugs
  3 leopard geckos
  110 orcs
  4 giant cockroaches
  16 goblins
  14 hobgoblins
  17 jackals
  4 quokkas
  4 ball pythons
  6 bats
  6 frilled lizards
  32 kobolds
  A leopard gecko skeleton (D:4)
  11 rats
  A bush (Lair:5)
  14 fulminant prisms
1085 creatures vanquished.

Vanquished Creatures (collateral kills)
  An Ice Fiend (IceCv)
  A deep elf sorcerer (Elf:3)
  A two-headed ogre (D:10)
  2 deep elf pyromancers (Elf:3)
  An ice statue (IceCv)
  2 ice devils (IceCv)
  2 golden dragon simulacra (IceCv)
  3 dire elephant simulacra (IceCv)
  A harpy simulacrum (IceCv)
  An iron troll simulacrum (IceCv)
  2 hydra simulacra (IceCv)
  2 draconian simulacra (IceCv)
  3 troll simulacra (IceCv)
  2 centaur simulacra (IceCv)
  A white imp (IceCv)
25 creatures vanquished.

Vanquished Creatures (others)
  2 deep elf zephyrmancers (Elf:1)
  An earth elemental (Elf:3)
  2 orc wizards
  An adder (D:9)
  2 orcs (D:9)
  A bush (D:9)
  4 demonic plants (Gauntlet)
  573 fulminant prisms
  44 fungi
  78 plants
708 creatures vanquished.

Grand Total: 1818 creatures vanquished

Notes
Turn   | Place    | Note
-------+----------+-------------------------------------------
     0 | D:1      | Anon1729 the Felid Conjurer began the quest for the Orb.
     0 | D:1      | Reached XP level 1. HP: 7/7 MP: 4/4
   525 | D:1      | Reached XP level 2. HP: 11/11 MP: 1/6
   823 | D:1      | Learned a level 2 spell: Searing Ray
  1265 | D:1      | Reached XP level 3. HP: 14/14 MP: 2/7
  1850 | D:1      | Learned a level 3 spell: Dazzling Flash
  2027 | D:2      | Reached XP level 4. HP: 18/18 MP: 4/8
  2088 | D:2      | Found a shadowy altar of Dithmenos.
  2179 | D:2      | Reached skill level 1 in Hexes
  2254 | D:2      | Noticed Robin
  2255 | D:2      | Noticed Jessica
  2279 | D:2      | Killed Jessica
  2281 | D:2      | Reached skill level 2 in Hexes
  2310 | D:2      | Killed Robin
  2507 | D:2      | Reached XP level 5. HP: 21/21 MP: 5/10
  2759 | D:2      | Found a sparkling altar of Nemelex Xobeh.
  3225 | D:3      | Found a basalt altar of Yredelemnul.
  3446 | D:3      | Found a glowing silver altar of Zin.
  4181 | D:3      | Reached skill level 3 in Hexes
  4530 | D:3      | Reached skill level 5 in Conjurations
  4530 | D:3      | Gained mutation: You are covered in thick fur. (AC +2)
                  | [Felid growth]
  4530 | D:3      | Reached XP level 6. HP: 24/24 MP: 6/11
  4937 | D:4      | Noticed Sigmund
  4947 | D:4      | Learned a level 4 spell: Fulminant Prism
  4963 | D:4      | Killed Sigmund
  4964 | D:4      | Reached skill level 4 in Hexes
  5063 | D:4      | Reached skill level 5 in Hexes
  5270 | D:4      | Reached XP level 7. HP: 27/27 MP: 6/13
  5560 | D:4      | Reached skill level 5 in Dodging
  5598 | D:4      | Noticed Natasha
  5604 | D:4      | Killed Natasha
  5844 | D:4      | Noticed Natasha
  5849 | D:4      | Killed Natasha
  5980 | D:4      | Reached skill level 6 in Hexes
  6175 | D:4      | Noticed Natasha
  6178 | D:4      | Killed Natasha
  6573 | D:5      | Entered Level 5 of the Dungeon
  6829 | D:5      | Found a blossoming altar of Fedhas.
  7262 | D:5      | Reached XP level 8. HP: 31/31 MP: 8/15
  7432 | D:5      | Reached skill level 7 in Hexes
  8098 | D:6      | Reached skill level 8 in Hexes
  9290 | D:7      | Reached skill level 9 in Hexes
  9433 | D:7      | Found an ornate altar of the Wu Jian Council.
  9438 | D:7      | Reached XP level 9. HP: 29/34 MP: 11/17
  9636 | D:7      | Found a staircase to the Ecumenical Temple.
  9646 | D:7      | Got a steaming whip
  9657 | Temple   | Entered the Ecumenical Temple
  9813 | Temple   | Became a worshipper of Vehumet
  9827 | D:7      | Noticed a two-headed ogre
  9834 | D:7      | Learned a level 4 spell: Iskenderun's Mystic Blast
  9844 | D:7      | Killed a two-headed ogre
  9845 | D:7      | Reached skill level 5 in Spellcasting
  9845 | D:7      | Reached skill level 10 in Hexes
 10032 | D:7      | Found Ymor's Jewellery Shoppe.
 10129 | D:7      | Noticed Maggie
 10146 | D:7      | Killed Maggie
 10398 | D:7      | Found a broken altar of Ashenzari.
 10399 | D:7      | Found an ornate altar of the Wu Jian Council.
 10490 | D:7      | Found a stormy altar of Qazlal.
 11589 | D:8      | Reached * piety under Vehumet
 11589 | D:8      | Offered knowledge of Freeze by Vehumet.
 11776 | D:9      | Reached XP level 10. HP: 40/41 MP: 11/19
 11828 | D:9      | Reached skill level 11 in Hexes
 12118 | D:8      | Slain by a yak
 12119 | D:8      | Reached XP level 9. HP: -2/38 MP: 0/18
 12661 | D:9      | Found Qagotof's Armour Shoppe.
 12921 | D:9      | Reached ** piety under Vehumet
 12923 | D:9      | Offered knowledge of Foxfire by Vehumet.
 13141 | D:9      | Reached skill level 1 in Translocations
 13145 | D:9      | Reached skill level 12 in Hexes
 13307 | D:9      | Reached XP level 10. HP: 42/42 MP: 5/20
 13556 | D:9      | Found Qiuz's Book Shop.
 13744 | D:9      | Offered knowledge of Stone Arrow by Vehumet.
 13749 | D:9      | Learned a level 3 spell: Stone Arrow
 13807 | D:9      | Reached *** piety under Vehumet
 13931 | D:9      | Found a staircase to the Lair.
 14351 | D:9      | Offered knowledge of Airstrike by Vehumet.
 14505 | D:9      | Reached skill level 1 in Earth Magic
 14815 | D:9      | Found a staircase to the Orcish Mines.
 14990 | D:9      | Found a white marble altar of Elyvilon.
 15795 | D:10     | Entered Level 10 of the Dungeon
 15860 | D:10     | Found Pasasm's Jewellery Emporium.
 16137 | D:10     | Reached **** piety under Vehumet
 16272 | D:10     | Noticed an orange crystal statue
 16310 | D:10     | Noticed a two-headed ogre
 16327 | D:10     | Killed a two-headed ogre
 16334 | D:10     | Found the amulet of the Four Winds {rN+ Will+++ Clar}
 16345 | D:10     | Killed an orange crystal statue
 16346 | D:10     | Reached skill level 13 in Hexes
 16349 | D:10     | Identified the Papyrus of Malediction and Transmutation
 16637 | D:10     | Offered knowledge of Frozen Ramparts by Vehumet.
 16638 | D:10     | Reached XP level 11. HP: 18/46 MP: 14/22
 17689 | D:11     | Noticed an eight-headed hydra
 17702 | D:11     | Killed an eight-headed hydra
 17703 | D:11     | Reached skill level 5 in Fighting
 17703 | D:11     | Reached skill level 10 in Conjurations
 17706 | D:11     | Noticed a purple ugly thing
 17732 | D:11     | Killed a purple ugly thing
 18322 | D:11     | Reached skill level 5 in Translocations
 18531 | D:11     | Reached ***** piety under Vehumet
 18534 | D:11     | Offered knowledge of Freezing Cloud by Vehumet.
 19189 | D:12     | Noticed an unseen horror
 19198 | D:12     | Killed an unseen horror
 19199 | D:12     | Reached skill level 10 in Dodging
 19313 | D:12     | Noticed a boulder beetle
 19325 | D:12     | Learned a level 4 spell: Petrify
 19328 | D:12     | Learned a level 2 spell: Poisonous Vapours
 19344 | D:12     | Killed a boulder beetle
 19345 | D:12     | Reached skill level 14 in Hexes
 20487 | D:12     | Noticed a brown ugly thing
 20511 | D:12     | Killed a brown ugly thing
 20512 | D:12     | Gained mutation: Your thick and shaggy fur keeps you warm.
                  | (AC +3, rC+) [Felid growth]
 20512 | D:12     | Reached XP level 12. HP: 34/52 MP: 7/24
 21016 | D:12     | Noticed a two-headed ogre
 21021 | D:12     | Killed a two-headed ogre
 21166 | D:13     | Noticed a centaur warrior
 21262 | D:13     | Noticed a two-headed ogre
 21268 | D:13     | Killed a two-headed ogre
 21277 | D:13     | HP: 1/52 [wizard/fireball (16)]
 21601 | D:13     | Killed a centaur warrior
 21758 | D:13     | Noticed a boulder beetle
 21776 | D:13     | Killed a boulder beetle
 21846 | D:13     | Noticed a two-headed ogre
 21862 | D:13     | Killed a two-headed ogre
 21870 | D:13     | Noticed a two-headed ogre
 22770 | D:13     | Killed a two-headed ogre
 22771 | D:13     | Reached skill level 15 in Hexes
 23103 | D:13     | Noticed Nessos
 23512 | D:13     | Found a gate to the Vaults.
 23543 | D:13     | Found Qunlip's Book Shoppe.
 24085 | D:14     | Noticed a tengu warrior
 24097 | D:13     | HP: 1/53 [Nessos/arrow (17)]
 24097 | D:13     | Shot with an arrow by Nessos
 24098 | D:13     | Reached XP level 11. HP: 0/49 MP: 21/23
 24254 | Lair:1   | Entered Level 1 of the Lair of Beasts
 24565 | Lair:1   | Reached skill level 1 in Unarmed Combat
 24945 | Lair:1   | Reached XP level 12. HP: 43/53 MP: 9/24
 24952 | Lair:1   | Found a dark tunnel.
 25032 | Volcano  | Entered a volcano
 25051 | Volcano  | Noticed a fire dragon
 25066 | Volcano  | Killed a fire dragon
 26328 | Lair:2   | Found a gate leading to a gauntlet.
 26348 | Gauntlet | Entered a Gauntlet
 26348 | Gauntlet | Found a transporter.
 26382 | Gauntlet | Found a transporter.
 26385 | Gauntlet | Found a transporter.
 26396 | Gauntlet | Found a transporter.
 26399 | Gauntlet | Found a transporter.
 26402 | Gauntlet | Noticed a hell hog
 26410 | Gauntlet | Found a transporter.
 26423 | Gauntlet | Noticed a death yak
 26423 | Gauntlet | Noticed a death yak
 26424 | Gauntlet | Noticed a death yak
 26426 | Gauntlet | Found a transporter.
 26437 | Gauntlet | Found a transporter.
 26444 | Gauntlet | Found a transporter.
 26461 | Gauntlet | Found a transporter.
 26478 | Gauntlet | Found a runed translucent door.
 26486 | Gauntlet | Found a transporter.
 26491 | Gauntlet | Found a transporter.
 26526 | Gauntlet | Offered knowledge of Conjure Ball Lightning by Vehumet.
 26538 | Gauntlet | Got a transparent bronze amulet
 26641 | Gauntlet | Found a transporter.
 26679 | Gauntlet | Got a faintly glowing jade ring
 26682 | Gauntlet | Identified the ring "Weliogap" {MP+9 Str+2 Dex+5} (You
                  | found it in a Gauntlet)
 26748 | Gauntlet | Gained mutation: You occasionally shout uncontrollably at
                  | your foes. [potion of mutation]
 26748 | Gauntlet | Gained mutation: You are somewhat resistant to further
                  | mutation. [potion of mutation]
 26824 | Gauntlet | Identified Idery's Guide on Freezing Battle Magic
 26836 | Gauntlet | Noticed a minotaur
 26872 | Gauntlet | Identified the Reference Book on Mutagenic Ice
 26886 | Gauntlet | Killed a minotaur
 27033 | Gauntlet | Identified the amulet of Wiajusom {Faith +Blink Int+2} (You
                  | found it in a Gauntlet)
 27672 | Lair:2   | Reached skill level 5 in Earth Magic
 27673 | Lair:2   | Reached skill level 5 in Stealth
 28015 | Lair:2   | Reached skill level 16 in Hexes
 28638 | Lair:3   | Reached XP level 13. HP: 42/57 MP: 21/26
 28648 | Lair:3   | Learned a level 3 spell: Confusing Touch
 28777 | Lair:3   | Found a staircase to the Snake Pit.
 29454 | Lair:3   | Found a staircase to the Swamp.
 32099 | Lair:5   | Found a viscous altar of Jiyva.
 32100 | Lair:5   | Found a staircase to the Slime Pits.
 32649 | Lair:6   | Entered Level 6 of the Lair of Beasts
 32654 | Lair:6   | Reached skill level 17 in Hexes
 32836 | Lair:6   | Offered knowledge of Orb of Destruction by Vehumet.
 32842 | Lair:6   | Reached XP level 14. HP: 63/63 MP: 18/28
 35354 | Lair:6   | Found a burning altar of Makhleb.
 35658 | Lair:6   | Found a gateway to Hell.
 36016 | Orc:1    | Entered Level 1 of the Orcish Mines
 36042 | Orc:1    | Reached skill level 18 in Hexes
 36113 | Orc:1    | Noticed Jorgrun
 36217 | Orc:1    | Killed Jorgrun
 36805 | Orc:2    | Entered Level 2 of the Orcish Mines
 36820 | Orc:2    | Offered knowledge of Lee's Rapid Deconstruction by Vehumet.
 36837 | Orc:2    | Learned a level 5 spell: Lee's Rapid Deconstruction
 37311 | Orc:2    | Found a staircase to the Elven Halls.
 37319 | Orc:2    | Noticed an orc warlord
 37324 | Orc:2    | Reached XP level 15. HP: 62/67 MP: 23/29
 37373 | Orc:2    | Killed an orc warlord
 37588 | Orc:2    | Reached skill level 1 in Transmutations
 37641 | Orc:2    | Found a roughly hewn altar of Beogh.
 37668 | Orc:1    | Found a burning altar of Makhleb.
 38749 | Orc:2    | Offered knowledge of Spellforged Servitor by Vehumet.
 39199 | Orc:2    | Learned a level 7 spell: Spellforged Servitor
 39235 | Orc:2    | Found Qodaps's Assorted Antiques.
 39235 | Orc:2    | Found Relliewe's Antique Weapon Emporium.
 39236 | Orc:2    | Found Dieriu's Jewellery Shop.
 39236 | Orc:2    | Found Leix's Magic Scroll Shop.
 39243 | Orc:2    | Bought a scroll of blinking for 247 gold pieces
 39243 | Orc:2    | Bought a scroll of identify for 66 gold pieces
 39243 | Orc:2    | Bought a scroll of identify for 66 gold pieces
 39246 | Orc:2    | Bought the ring of Ixtevvyb {Wiz rF++ Int+2} for 880 gold
                  | pieces
 39254 | Orc:2    | Bought a scroll of blinking for 90 gold pieces
 39254 | Orc:2    | Bought a scroll of teleportation for 36 gold pieces
 39254 | Orc:2    | Bought a scroll of teleportation for 36 gold pieces
 39254 | Orc:2    | Bought a scroll of teleportation for 36 gold pieces
 39526 | Elf:1    | Entered Level 1 of the Elven Halls
 40714 | D:14     | Reached skill level 1 in Summonings
 41909 | D:15     | Entered Level 15 of the Dungeon
 42469 | D:15     | Reached ****** piety under Vehumet
 42553 | D:15     | Offered knowledge of Lightning Bolt by Vehumet.
 42704 | D:15     | Reached skill level 10 in Spellcasting
 43137 | D:15     | Noticed a frost giant
 43409 | D:15     | Noticed Louise
 43706 | D:15     | Killed Louise
 43847 | D:15     | Killed a frost giant
 43848 | D:15     | Reached skill level 10 in Stealth
 44213 | D:15     | Found a staircase to the Depths.
 44652 | Elf:1    | Reached skill level 19 in Hexes
 45458 | Elf:1    | Reached XP level 16. HP: 72/72 MP: 28/31
 46876 | Elf:1    | Identified the +10 spear of the Heavens {freeze, *Drain
                  | Int+4}
 47747 | Elf:2    | Offered knowledge of Chain Lightning by Vehumet.
 47748 | Elf:2    | Reached skill level 10 in Fighting
 47749 | Elf:2    | HP: 1/73 [air elemental (7)]
 47749 | Elf:2    | Slain by an air elemental
 47750 | Elf:2    | Reached XP level 15. HP: -4/69 MP: 36/39
 48491 | Elf:2    | Found a huge runed translucent gate.
 48491 | Elf:2    | Found a huge runed translucent gate.
 48491 | Elf:2    | Found a huge runed translucent gate.
 48496 | Elf:2    | Found a huge runed translucent gate.
 48496 | Elf:2    | Found a huge runed translucent gate.
 48496 | Elf:2    | Noticed an azure jelly
 48496 | Elf:2    | an emperor scorpion changed into an azure jelly
 48498 | Elf:2    | an azure jelly changed into an iron troll
 48512 | Elf:2    | Noticed a fenstrider witch
 48512 | Elf:2    | Noticed a fire giant
 48512 | Elf:2    | a fenstrider witch changed into a fire giant
 48513 | Elf:2    | Noticed a fenstrider witch
 48513 | Elf:2    | a fire giant changed into a fenstrider witch
 48518 | Elf:2    | a fenstrider witch changed into an alligator snapping
                  | turtle
 48526 | Elf:2    | Noticed an azure jelly
 48526 | Elf:2    | a stone giant changed into an azure jelly
 48533 | Elf:2    | an azure jelly changed into an eleionoma
 48541 | Elf:2    | Noticed a quicksilver dragon
 48544 | Elf:2    | a quicksilver dragon changed into an iron troll
 48720 | Elf:2    | Noticed a ghost moth
 48917 | Elf:2    | Reached skill level 5 in Transmutations
 50472 | Elf:2    | Reached skill level 20 in Hexes
 50938 | Elf:2    | Reached XP level 16. HP: 61/73 MP: 22/31
 51465 | Elf:3    | Entered Level 3 of the Elven Halls
 51470 | Elf:3    | Found Myekhu Coxo's Armour Shoppe.
 51534 | Elf:3    | Found a frozen archway.
 51690 | IceCv    | Entered an ice cave
 51822 | IceCv    | Learned a level 5 spell: Fireball
 53301 | IceCv    | Reached skill level 5 in Summonings
 53757 | IceCv    | Noticed an Ice Fiend
 53801 | IceCv    | Killed an Ice Fiend
 54098 | IceCv    | Identified the +0 pair of boots of Freedom {Str+4} (You
                  | found it in an ice cave)
 54718 | Elf:3    | Offered knowledge of Tornado by Vehumet.
 54718 | Elf:3    | Offered knowledge of Ignition by Vehumet.
 54718 | Elf:3    | Offered knowledge of Absolute Zero by Vehumet.
 55393 | Elf:3    | Identified the ring of the Equinox {MP+9 Dex+7}
 55394 | Elf:3    | Noticed a deep elf master archer
 55395 | Elf:3    | Noticed a deep elf master archer
 55395 | Elf:3    | Noticed a deep elf blademaster
 55617 | Elf:3    | Killed a deep elf blademaster
 55797 | Elf:3    | Shot with an arrow by a deep elf master archer
 55798 | Elf:3    | Reached XP level 15. HP: -3/70 MP: 29/39
 55823 | Elf:3    | Killed a deep elf master archer
 56002 | Elf:3    | Killed a deep elf master archer
 56003 | Elf:3    | Reached skill level 15 in Conjurations
 56221 | Elf:3    | Noticed a deep elf sorcerer
 56228 | Elf:3    | Killed a deep elf sorcerer
 56521 | Elf:3    | Killed from afar by a deep elf high priest

Illustrated notes

Levels and vault maps discovered:
D:1:      mrwooster_arrival_statue_3, layout_loops_ring, minmay_misc_feat_tower,
          minmay_fountain_box, st_stairs_9
D:2:      layout_loops_cross, lemuel_crystal_altar,
          nemelex_xobeh_ov_fountains_minmay, uniq_jessica, uniq_robin
D:3:      layout_loops_ring, overflow_temple_1_default,
          nicolae_overflow_crystal_walls, grunt_ministairs_9
D:4:      layout_cave_pools, uniq_sigmund, uniq_natasha
D:5:      layout_basic, fedhas_ov_isle_minmay
D:6:      layout_basic, portal_sewer_entry_e
D:7:      layout_rooms, lemuel_coloured_pillars_altar, minitemple,
          minmay_temple_entry_junction, basic_altar, serial_shops,
          shop_fountains, uniq_maggie
D:8:      layout_basic
D:9:      statuecave_lemuel, layout_layer_cave, elyvilon_altar_1,
          minmay_lair_entry_grove, hiddenorc2_lemuel, serial_shops,
          nicolae_shop_competitors_out_of_business, shop, special_room
          [special_room_bee], lemuel_old_faithful
D:10:     layout_roguey, serial_shops, shop, kennysheep_minor_cross,
          minmay_protected_statue
D:11:     layout_basic, minmay_misc_feat_diagonals, kennysheep_generic_room_8
D:12:     layout_grid_maze, drop_trap
D:13:     layout_loops_ring, david_vaults_1, serial_shops, shop_fountains,
          uniq_nessos
D:14:     layout_loops_ring, kennysheep_cross_landing, enter_bailey_2
D:15:     grunt_enter_depths_snipers, layout_cave_pools, minmay_crystal_water,
          uniq_louise
Temple:   dshaligram_water_room_temple
Lair:1:   layout_long_grid, nicolae_volcano_entry_batcave, serial_forest,
          infiniplex_forest_end_1, infiniplex_forest_straight_1,
          infiniplex_forest_lined_2, infiniplex_forest_diagonal,
          infiniplex_forest_lined_corner, infiniplex_forest_lined_3,
          infiniplex_forest_straight_1, hangedman_lair_generics_rect
Lair:2:   layout_roguey, gauntlet_entry_generic
Lair:3:   layout_roguey, palyth_hydra_swamp_entry, guppyfry_snake_entry_island,
          infiniplex_staircase_pool_2
Lair:4:   layout_long_grid, grunt_megastairs_2
Lair:5:   layout_gridlike, slime_altar_1, lemuel_fruit_fields
Lair:6:   evil_forest, layout_gridlike, nicolae_lair_grove_arrangements,
          disabler_island
Orc:1:    layout_caves, bloody_makhleb, uniq_jorgrun
Orc:2:    st_orc_elflike, layout_diamond_mine, minmay_orc_temple_a
Elf:1:    minmay_elf_arrival_circle, layout_onion_city, evilmike_minifort,
          lemuel_flamethrower_hall
Elf:2:    layout_gridlike
Elf:3:    nooodl_elf_gasket, layout_rooms, serial_shops,
          nicolae_shop_competitors_out_of_business,
          portal_ice_cave_entry_frozen_things, serial_co_window_serial,
          co_window_corner_a, co_window_corner_a, co_window_paths_a,
          co_window_corner_a, co_window_paths_b, co_window_2corner,
          co_window_of_opportunity_c, co_window_paths_e, glass_columns_a,
          glass_columns_c, glass_columns_a

Skill      XL: |  1  2  3  4  5  6  7  8  9 10 11 12 13 14 15 16 |
---------------+-------------------------------------------------+-----
Stealth        | 3 5 7 8 11 12 | 12.1
Dodging        | 3 4 5 6 7 9 10 11 12 14 | 14.7
Conjurations   | 4 5 6 7 9 10 11 12 13 15 14 | 15.0
Hexes          | 2 3 5 6 9 12 13 14 16 17 18 20 | 20.1
Spellcasting   | 3 4 6 7 8 9 10 | 10.0
Fighting       | 4 3 5 7 8 9 10 | 10.7
Translocations | 2 3 6 8 9 |  9.2
Earth Magic    | 1 3 5 6 7 |  7.0
Unarmed Combat | 1 |  1.0
Transmutations | 5 6 |  6.6
Summonings     | 4 5 |  5.8

Action                   |  1- 3 |  4- 6 |  7- 9 | 10-12 | 13-15 | 16-18 || total
-------------------------+-------+-------+-------+-------+-------+-------++-------
Melee: Unarmed           |     2 |     3 |    18 |    48 |    32 |    27 ||   130
       Bite              |       |       |       |     2 |     8 |     4 ||    14
 Cast: Magic Dart        |    84 |   127 |   215 |   273 |    60 |       ||   759
       Searing Ray       |     2 |     8 |    54 |    99 |    81 |    10 ||   254
       Fulminant Prism   |       |     1 |    32 |   189 |   297 |    77 ||   596
       Dazzling Flash    |       |       |     2 |     5 |       |       ||     7
       Iskenderun's Myst |       |       |     1 |    63 |   438 |   144 ||   646
       Poisonous Vapours |       |       |       |    17 |     4 |       ||    21
       Petrify           |       |       |       |     3 |     4 |       ||     7
       Spellforged Servi |       |       |       |       |     6 |    14 ||    20
       Confusing Touch   |       |       |       |       |     1 |       ||     1
 Abil: Evoke Flight      |       |       |       |     2 |       |     2 ||     4
Evoke: Wand              |       |       |       |    18 |    14 |     2 ||    34
       Box of beasts     |       |       |       |     1 |       |       ||     1
  Use: Scroll            |       |       |     9 |    17 |     7 |     3 ||    36
       Potion            |       |       |     1 |     7 |     1 |       ||     9
 Stab: Petrified         |       |       |       |     6 |       |       ||     6
       Distracted        |       |       |       |       |     1 |       ||     1
       Sleeping          |       |       |       |       |       |     1 ||     1
Armor: Skin              |       |     1 |     3 |    49 |     4 |     5 ||    62
Dodge: Dodged            |     8 |    39 |   123 |   332 |   306 |   118 ||   926

Table legend: (Time is in decaauts)
 A = Elapsed time spent in this place.
 B = Non-inter-level travel time spent in this place.
 C = Inter-level travel time spent in this place.
 D = Time resting spent in this place.
 E = Time spent auto-exploring this place.
 F = Levels seen in this place.
 G = Mean time per level.
                   A        B        C        D        E       F      G
               +--------+--------+--------+--------+--------+-----+--------+
         Total |  52150 |  50232 |   1918 |  20651 |  21603 |  30 | 1738.3 |
       Dungeon |  26991 |  25904 |   1087 |   9987 |  12424 |  15 | 1799.4 |
        Temple |    241 |    210 |     31 |    103 |    103 |   1 |  241.0 |
          Lair |   9605 |   9211 |    394 |   3119 |   4711 |   6 | 1600.8 |
  Orcish Mines |   3524 |   3375 |    149 |   1644 |   1102 |   2 | 1762.0 |
   Elven Halls |   8472 |   8215 |    257 |   4358 |   2503 |   3 | 2824.0 |
      Ice Cave |   2226 |   2226 |      0 |    950 |    639 |   1 | 2226.0 |
       Volcano |    460 |    460 |      0 |    246 |      0 |   1 |  460.0 |
      Gauntlet |    626 |    626 |      0 |    242 |    118 |   1 |  626.0 |
               +--------+--------+--------+--------+--------+-----+--------+

Top non-repeatable levels by time:
   Elf:2: 3661 daAuts
    D:14: 3626 daAuts
     D:9: 2993 daAuts
   Elf:1: 2929 daAuts
    D:13: 2399 daAuts
    D:12: 2389 daAuts
   IceCv: 2226 daAuts
   Orc:2: 2197 daAuts
     D:8: 1997 daAuts
  Lair:6: 1934 daAuts
   Elf:3: 1881 daAuts
  Lair:5: 1846 daAuts
  Lair:4: 1839 daAuts
    D:11: 1767 daAuts
     D:1: 1739 daAuts
